 Dungeon Crawl Stone Soup version 0.30-a0-439-g9e77e4d916 (webtiles) character file.

Game seed: 15359679326670220256

121 porpoise the Shooter (level 5, -7/32 HPs)
             Began as a Tengu Hunter on Dec 11, 2022.
             Splashed by a jelly's acid (9 damage)
             ... on level 6 of the Dungeon.
             The game lasted 00:07:48 (2462 turns).

porpoise the Shooter (Tengu Hunter)                 Turns: 2462, Time: 00:07:49

Health: -7/32      AC: -7    Str: 11    XL:     5   Next: 5%
Magic:  6/6        EV: 14    Int: 10    God:
Gold:   123        SH:  0    Dex: 19    Spells: 4/4 levels left

rFire   . . .      SeeInvis +    a - +0 shortbow
rCold   . . .      Faith    .    (shield currently unavailable)
rNeg    . . .      Spirit   .    c - +0 leather armour
rPois   .          Reflect  .    (helmet restricted)
rElec   .          Harm     .    (no cloak)
rCorr   .          Rampage  .    k - +1 pair of gloves
Will    .....                    (boots unavailable)
Stlth   ++........               (no amulet)
HPRegen 0.25/turn                e - ring of see invisible
MPRegen 0.10/turn                (no ring)

@: corroded, flying quickly and evasively, quick
A: beak, talons 3, nimble flight
a: no special abilities


You were on level 6 of the Dungeon.
You visited 1 branch of the dungeon, and saw 5 of its levels.

You collected 123 gold pieces.

Inventory:

Hand Weapons
 a - a +0 shortbow (weapon)
 b - a +2 whip of draining
 f - a +4 dagger
 m - a +2 short sword of holy wrath
Missiles
 l - 4 boomerangs
 o - 3 poisoned darts
Armour
 c - a +0 leather armour (worn)
 i - a +0 ring mail
 k - a +1 pair of gloves (worn)
Jewellery
 e - a ring of see invisible (left hand)
Wands
 d - a wand of light (4)
Scrolls
 g - a scroll of immolation
 n - a scroll of vulnerability
 r - 2 scrolls of teleportation
 s - a scroll of poison {unknown}
Potions
 h - a potion of magic
 j - 2 potions of cancellation
 p - 2 potions of curing {unknown}
 q - a potion of degeneration {unknown}


   Skills:
 + Level 3.2 Fighting
 * Level 6.1 Ranged Weapons
 - Level 2.1 Dodging
 - Level 1.0 Stealth


You had 4 spell levels left.
You didn't know any spells.
Your spell library contained the following spells:

 Spells                   Type           Power      Damage    Failure   Level
 Magic Dart               Conj           0%         1d3       45%         1
 Call Imp                 Summ           0%         N/A       58%         2
 Mephitic Cloud           Conj/Pois/Air  0%         N/A       83%         3


Dungeon Overview and Level Annotations

Branches:
Dungeon (6/15)
 Temple: D:4-7

Altars:

Shops:
D:3 (


Innate Abilities, Weirdness & Mutations

You have a beak for a mouth.
You have claws for feet.
Your magical nature lets you fly swiftly and evasively.


Message History

You shoot an arrow. The arrow hits the wight.
The wight is moderately damaged.
There is a stone staircase leading down here.
You shoot an arrow. The arrow hits the wight.
The wight is moderately damaged.
You shoot an arrow. The arrow barely misses the wight.
The arrow hits the wight.
The wight is lightly damaged.
You shoot an arrow. The arrow hits the wight.
The wight is severely damaged.
The wight misses you.
The wight hits you with a +1 long sword of freezing!
The wight freezes you.
You are too injured to fight recklessly!
You are too injured to fight recklessly!
Unknown command.
Okay, then.
Found a scroll labelled FOXIDGHIWIUT.
Found a scroll labelled FOXIDGHIWIUT.
Found 17 gold pieces.
Found a stone staircase leading up.
You see here a scroll labelled FOXIDGHIWIUT.
s - a scroll labelled FOXIDGHIWIUT A jelly comes into view.
Found a war axe.
The jelly quivers.
Found 3 stones.
You shoot an arrow. The arrow hits the jelly.
The jelly is moderately wounded.
The jelly hits you. The acid corrodes you!
You are splashed with acid.
The wight misses you. The jelly closely misses you.
You shoot an arrow. The arrow hits the jelly.
The jelly is severely wounded.
The wight misses you. The jelly hits you. The acid corrodes you!
You are splashed with acid.
* * * LOW HITPOINT WARNING * * *
The jelly hits you.
* * * LOW HITPOINT WARNING * * *
The acid corrodes you!
You are splashed with acid!
You die...

#...........
####.##.########
......z.........
.?.#.#....#####
.# #......#
#.z....##.
#.......).#
#zz.$...###
#J@.....#
#.......#
#.......#
#.......#
..####(.# ####
#... ##.


You could see a jelly and 4 wights.

Vanquished Creatures
  3 gnolls (D:2)
  3 adders
  2 dart slugs
  6 orcs (D:3)
  5 endoplasms
  4 giant cockroaches
  4 goblins
  3 hobgoblins
  2 jackals (D:1)
  8 kobolds
  2 quokkas
  2 ball pythons
  4 bats
  3 frilled lizards
  4 rats
55 creatures vanquished.

Notes
Turn   | Place    | Note
-------+----------+-------------------------------------------
     0 | D:1      | porpoise the Tengu Hunter began the quest for the Orb.
     0 | D:1      | Reached XP level 1. HP: 12/12 MP: 2/2
    56 | D:1      | Reached XP level 2. HP: 17/17 MP: 3/3
   451 | D:1      | Found a faded altar of an unknown god.
   538 | D:1      | Reached skill level 5 in Ranged Weapons
   729 | D:2      | Reached XP level 3. HP: 22/22 MP: 4/4
  1229 | D:2      | Reached XP level 4. HP: 27/27 MP: 5/5
  1560 | D:3      | Reached skill level 6 in Ranged Weapons
  2007 | D:3      | Found Ukkisyin's Weapon Shoppe.
  2037 | D:3      | Gained mutation: Your magical nature lets you fly swiftly
                  | and evasively. [Tengu growth]
  2037 | D:3      | Reached XP level 5. HP: 32/32 MP: 6/6
  2427 | D:4      | You are sucked into a shaft and drop 2 floors!
  2462 | D:6      | Splashed by a jelly's acid

Illustrated notes

Levels and vault maps discovered:
D:1:      lightli_iron_boxes, layout_basic, basic_ecumenical_altar,
          minmay_pentomino_s2
D:2:      layout_basic
D:3:      layout_loops_corners, serial_shops,
          nicolae_shop_temple_entry_statues_fountains, hangedman_decor_points,
          nrook_mini_backslash, hex_tiny
D:4:      layout_cave_pods, mainiacjoe_overflow_divided_tiny,
          lemuel_crystal_altar, nicolae_overflow_hidden_temple, temple_fountains
D:6:      layout_basic, gup_sewer_entry_bubbles

Skill      XL: |  1  2  3  4 |
---------------+-------------+-----
Ranged Weapons | 5 6 |  6.1
Fighting       | 3 |  3.2
Dodging        | |  2.1
Stealth        | |  1.0

Action                   |  1- 3 |  4- 6 || total
-------------------------+-------+-------++-------
Melee: Dagger            |     2 |       ||     2
       Peck              |     1 |       ||     1
       Whip              |       |     1 ||     1
 Fire: Shortbow          |    92 |    64 ||   156
  Use: Scroll            |     1 |     5 ||     6
       Potion            |       |     1 ||     1
Armor: Leather armour    |    13 |     8 ||    21
       Ring mail         |     2 |       ||     2
Dodge: Dodged            |    27 |    22 ||    49

Table legend: (Time is in decaauts)
 A = Elapsed time spent in this place.
 B = Non-inter-level travel time spent in this place.
 C = Inter-level travel time spent in this place.
 D = Time resting spent in this place.
 E = Time spent auto-exploring this place.
 F = Levels seen in this place.
 G = Mean time per level.
                   A        B        C        D        E       F      G
               +--------+--------+--------+--------+--------+-----+--------+
         Total |   2461 |   2385 |     76 |    460 |   1479 |   5 |  492.2 |
       Dungeon |   2461 |   2385 |     76 |    460 |   1479 |   5 |  492.2 |
               +--------+--------+--------+--------+--------+-----+--------+

Top non-repeatable levels by time:
     D:3: 970 daAuts
     D:1: 733 daAuts
     D:2: 722 daAuts
     D:6: 33 daAuts
